 Seeded DCSS version 0.28-a0-657-g71136c5590 (webtiles) character file.

Game seed: 5432123431415926 (custom seed)

0 ekar the Digger (level 1, 0/10 HPs)
             Began as a Deep Elf Earth Elementalist on Oct 14, 2021.
             Slain by a giant cockroach (2 damage)
             ... on level 1 of the Dungeon.
             The game lasted 00:02:02 (58 turns).

ekar the Digger (Deep Elf Earth Elementalist)         Turns: 58, Time: 00:02:02

Health: 0/10       AC:  2    Str:  5    XL:     1   Next: 8%
Magic:  6/6        EV: 12    Int: 19    God:
Gold:   0          SH:  0    Dex: 15    Spells: 5/6 levels left

rFire   . . .      SeeInvis .   (no weapon)
rCold   . . .      Faith    .   (no shield)
rNeg    . . .      Spirit   .   b - +0 robe
rPois   .          Reflect  .   (no helmet)
rElec   .          Harm     .   (no cloak)
rCorr   .          Rampage  .   (no gloves)
Will    .....                   (no boots)
Stlth   ++........              (no amulet)
HPRegen 0.03/turn               (no ring)
MPRegen 0.10/turn               (no ring)

@: no status effects
A: no striking features
a: no special abilities


You were on level 1 of the Dungeon.
You visited 1 branch of the dungeon, and saw 1 of its levels.

Inventory:

Missiles
 c - 24 stones (quivered)
Armour
 b - a +0 robe (worn)


   Skills:
 + Level 2.5 Dodging
 + Level 2.4 Stealth
 + Level 3.0 Spellcasting
 + Level 1.1 Transmutations
 + Level 3.2 Earth Magic


You had 5 spell levels left.
You knew the following spells:

 Your Spells              Type           Power      Damage    Failure   Level
a - Sandblast             Erth           30%        2d9       4%          1

Your spell library contained the following spells:

 Spells                   Type           Power      Damage    Failure   Level
 Passwall                 Tmut/Erth      9%         N/A       10%         2
 Stone Arrow              Conj/Erth      18%        3d8       24%         3
 Petrify                  Tmut/Erth      11%        N/A       52%         4


Dungeon Overview and Level Annotations

Branches:
Dungeon (1/15)

Altars:


Message History

You throw a stone.
The stone hits the giant cockroach but does no damage.
The giant cockroach is heavily wounded.
The giant cockroach misses you.
The giant cockroach bites you but does no damage.
Throw: 25 stones
Press: ? - help, Q - select action, (/) - cycle Shift-Dir - straight line, f/p - giant cockroach
Aim: a giant cockroach (heavily wounded, 57% to hit)
You throw a stone.
The stone hits the giant cockroach but does no damage.
The giant cockroach is heavily wounded.
The giant cockroach misses you.
The giant cockroach waves its antennae.
The giant cockroach bites you. The giant cockroach closely misses you.
You open the door.
The giant cockroach bites you but does no damage.
The giant cockroach closely misses you. The giant cockroach closely misses you.
There is an open door here.
You hit the giant cockroach but do no damage.
The giant cockroach is heavily wounded.
The giant cockroach bites you but does no damage.
The giant cockroach closely misses you.
The giant cockroach bites you but does no damage.
The giant cockroach closely misses you. The giant cockroach bites you.
* * * LOW HITPOINT WARNING * * *
The giant cockroach bites you.
* * * LOW HITPOINT WARNING * * *
The giant cockroach bites you but does no damage.
There is an open door here.
The giant cockroach barely misses you.
You see here a rat corpse.
There is an open door here.
The giant cockroach bites you but does no damage.
There is a staircase leading out of the dungeon here.
You can't go down here!
The giant cockroach bites you.
You die...

##### #...#
+...+ #...#
####...####
#.P#...#P@#
#..'..†'B<#
#..#.#.#..#
####.#.####
#...# +...+
#...# #...#
#.(.#


You could see a giant cockroach.

Vanquished Creatures
  A rat (D:1)
1 creature vanquished.

Notes
Turn   | Place    | Note
-------+----------+-------------------------------------------
     0 | D:1      | ekar the Deep Elf Earth Elementalist began the quest for
                  | the Orb.
     0 | D:1      | Reached XP level 1. HP: 10/10 MP: 6/6
    58 | D:1      | Slain by a giant cockroach

Illustrated notes

Levels and vault maps discovered:
D:1:      dpeg_arrival_prison, layout_basic, dk_noncrumbling_2

Action                   || total
-------------------------++-------
Melee: Unarmed           ||    16
Throw: Stone             ||     3
       Throwing net      ||     2
 Cast: Sandblast         ||     3
Armor: Robe              ||     9
Dodge: Dodged            ||    13

Table legend: (Time is in decaauts)
 A = Elapsed time spent in this place.
 B = Non-inter-level travel time spent in this place.
 C = Inter-level travel time spent in this place.
 D = Time resting spent in this place.
 E = Time spent auto-exploring this place.
 F = Levels seen in this place.
 G = Mean time per level.
                   A        B        C        D        E       F      G
               +--------+--------+--------+--------+--------+-----+--------+
         Total |     58 |     58 |      0 |      0 |      0 |   1 |   58.0 |
       Dungeon |     58 |     58 |      0 |      0 |      0 |   1 |   58.0 |
               +--------+--------+--------+--------+--------+-----+--------+

Top non-repeatable levels by time:
     D:1: 58 daAuts
